 Dungeon Crawl Stone Soup version 0.29.1-15-g9cfb28693d (webtiles) character file.

Game seed: 13344455645797315335

13528 Hugehornet the Ripper (level 11, 0/57 HPs)
             Began as a Felid Berserker on Mar 16, 2023.
             Was an Elder of Trog.
             Slain by a basilisk (11 damage)
             ... on level 1 of the Lair of Beasts.
             The game lasted 00:33:05 (18118 turns).

Hugehornet the Ripper (Felid Berserker)            Turns: 18118, Time: 00:33:05

Health: 0/57       AC:  6    Str: 23    XL:     11   Next: 76%
Magic:  12/12      EV: 22    Int: 10    God:    Trog [****..]
Gold:   756        SH:  5    Dex: 15    Spells: 10/10 levels left
                                        Lives:  0   Deaths: 3

rFire   . . .      SeeInvis +     - Unarmed
rCold   . . .      Faith    .   (shield unavailable)
rNeg    . . .      Spirit   .   (body armour unavailable)
rPois   .          Reflect  +   (helmet unavailable)
rElec   .          Harm     .   (cloak unavailable)
rCorr   .          Rampage  .   (gloves unavailable)
Will    +....                   (boots unavailable)
Stlth   +.........              L - amulet of reflection
HPRegen 0.19/turn               F - +6 ring of strength
MPRegen 0.13/turn               m - +4 ring of protection

@: on berserk cooldown, slowed, slow
A: very small, claws 1, fangs 3, see invisible, speed 1, shaggy fur 2, stealthy
paws, no weapons or thrown items, no armour, multi-lived
a: Renounce Religion, Berserk, Trog's Hand, Brothers in Arms


You were on level 1 of the Lair of Beasts.
You worshipped Trog.
Trog was greatly pleased with you.
You visited 2 branches of the dungeon, and saw 15 of its levels.

You collected 971 gold pieces.
You spent 215 gold pieces at shops.

Inventory:

Jewellery
 i - a ring of protection from cold
 m - a +4 ring of protection (right paw)
 u - a ring of protection from fire
 D - an amulet of the acrobat
 E - a +6 ring of intelligence
 F - a +6 ring of strength (left paw)
 G - a ring of ice
 J - a +6 ring of intelligence
 L - an amulet of reflection (around neck)
 M - an amulet of guardian spirit
Wands
 s - a wand of flame (39)
 A - a wand of iceblast (16)
 I - a wand of polymorph (13)
 K - a wand of paralysis (5)
 O - a wand of quicksilver (4)
Scrolls
 a - 2 scrolls of torment {unknown}
 g - 5 scrolls of poison {unknown}
 h - 10 scrolls of teleportation
 j - 4 scrolls of magic mapping {unknown}
 k - 3 scrolls of amnesia {unknown}
 l - 6 scrolls of fog
 n - 6 scrolls of enchant armour
 o - 2 scrolls of blinking {unknown}
 p - 5 scrolls of immolation
 q - 3 scrolls of vulnerability {unknown}
 r - 3 scrolls of enchant weapon {unknown}
 y - 3 scrolls of identify
 z - a scroll of fear {unknown}
 H - a scroll of silence {unknown}
Potions
 b - 3 potions of heal wounds
 c - a potion of resistance
 d - 7 potions of curing
 e - a potion of ambrosia
 f - 2 potions of haste
 t - 5 potions of flight
 v - 4 potions of degeneration
 w - 3 potions of lignification
 x - 4 potions of brilliance
 B - 2 potions of might
 C - 3 potions of cancellation
 N - 3 potions of attraction {unknown}


   Skills:
 + Level 11.9 Fighting
 + Level 9.1 Dodging
 * Level 16.2 Unarmed Combat
 * Level 2.1 Evocations


You had 10 spell levels left.
You didn't know any spells.
Your spell library was empty.

Dungeon Overview and Level Annotations

Branches:
Dungeon (13/15)            Temple (0/1) D:6            Lair (2/5) D:9
    Orc (0/2) D:11
  Swamp: Lair:2-3    Shoals: Lair:2-3     Snake: Lair:2-3    Spider: Lair:2-3
 Vaults: D:13-14

Altars:
Ashenzari
Cheibriados
Hepliaklqana
Makhleb
Nemelex Xobeh
Okawaru
Qazlal
Ru
Sif Muna
Trog
Yredelemnul

Shops:
D:3 ?   D:11 [   D:13 *


Innate Abilities, Weirdness & Mutations

You have sharp claws.
You have razor-sharp teeth.
You have supernaturally acute eyesight. (SInv)
You cover ground quickly. (Speed+)
You are covered in thick fur. (AC +2)
Your paws help you pounce on unaware monsters.
You are incapable of wielding weapons or throwing items.
You cannot wear armour.
You gain extra lives every three experience levels.


Message History

* * * LOW HITPOINT WARNING * * *
You block the five-headed hydra's attack. x3
Your ogre hits the five-headed hydra with a +0 giant club!!!
The five-headed hydra dies!
Trog accepts your kill.
You hear an angry hiss.
Your Dodging skill increases to level 9!
You start resting.
You feel a strong urge to attack something.
You start resting.
You feel your anger nearly subside.
Your ogre rages.
You start resting.
You are no longer berserk.
You are exhausted.
You feel yourself slow down.
A komodo dragon comes into view.
A komodo dragon is nearby!
Your ogre rages.
A basilisk comes into view.
You scratch the komodo dragon but do no damage.
You claw the komodo dragon!
The komodo dragon is moderately wounded.
Your ogre hits the steam dragon with a +0 giant club!!
The komodo dragon misses you.
Your ogre closely misses the steam dragon.
You mangle the komodo dragon!!
The komodo dragon is severely wounded.
The komodo dragon bites you.
* * * LOW HITPOINT WARNING * * *
You mangle the komodo dragon!!
You kill the komodo dragon!
Trog accepts your kill.
Your ogre hits the steam dragon with a +0 giant club!!!
The steam dragon dies!
Trog accepts your kill.
You can now call in reinforcements.
The basilisk completely misses you.
Your Evocations skill increases to level 2!
You closely miss the basilisk. The basilisk bites you!
You die...

##..## ##.~......### #..
##.~≈~.>.~.# ...
#..≈≈~≈~~~.## #...
#.~~~≈~≈≈~~.# #...
##.~~≈≈≈≈≈≈≈.# #...
#P..~~≈≈≈≈≈~.## #..
#####....~~≈≈≈~~..#
#....#<†........≈~~~..#.
#.l@†O..........##..
######....##P#.#....
##....######...
#.............
##......#.#....
#...#.########. ##...##
#. #...# ## #...##


You could see a basilisk (ally target) and a friendly ogre (summoned, berserk).

Vanquished Creatures
  The ghost of diceflayer the Marksdemonspawn, a journeyman DsHu of Okawaru (D:13)
  Josephine (D:10)
  2 two-headed ogres
  The ghost of fakeacct the Cleaver, a novice HuBe of Trog (D:9)
  Nergalle (D:10)
  Pikel (D:4)
  2 deep elf pyromancers (D:12)
  An ugly thing (D:12)
  A black mamba (Lair:1)
  A komodo dragon (Lair:1)
  An unseen horror (D:12)
  2 kobold demonologists (D:12)
  3 trolls
  Grinder (D:6)
  3 slime creatures (D:12)
  18 yaks
  A wyvern (D:9)
  A vampire (D:13)
  A basilisk (D:12)
  A shadow (D:10)
  2 steam dragons
  8 wraiths
  4 vampire mosquitoes (D:11)
  Menkaure (D:5)
  3 acid dragons
  3 water moccasins
  A sky beast (D:8)
  A black bear (D:6)
  2 ice beasts (D:6)
  4 ogres (D:5)
  6 orc warriors
  6 centaurs
  A phantom (D:6)
  7 kobold brigands
  5 bullfrogs
  3 necrophages (D:6)
  A gnoll sergeant (D:7)
  4 scorpions
  9 wights
  14 killer bees
  5 howler monkeys
  5 orc priests
  A gnoll bouda (D:9)
  5 jellies
  Crazy Yiuf (D:2)
  2 hounds
  An iron imp (D:6)
  Natasha (thrice) (D:3)
  3 iguanas
  13 orc wizards
  Robin (D:2)
  9 adders
  10 gnolls
  A shadow imp (D:6)
  A white imp (D:7)
  3 worms
  2 dart slugs (D:2)
  42 orcs
  3 bats (D:3)
  8 endoplasms
  A giant cockroach (D:4)
  16 goblins
  13 hobgoblins
  8 jackals
  A quokka (D:1)
  3 ball pythons
  5 frilled lizards
  28 kobolds
  3 rats
  A spectral hobgoblin (D:10)
327 creatures vanquished.

Vanquished Creatures (collateral kills)
  A hydra (Lair:1)
  A steam dragon (Lair:1)
2 creatures vanquished.

Vanquished Creatures (others)
  A fungus (Lair:1)
  4 plants
5 creatures vanquished.

Grand Total: 334 creatures vanquished

Notes
Turn   | Place    | Note
-------+----------+-------------------------------------------
     0 | D:1      | Hugehornet the Felid Berserker began the quest for the Orb.
     0 | D:1      | Reached XP level 1. HP: 10/10 MP: 2/2
   294 | D:1      | Reached XP level 2. HP: 14/14 MP: 3/3
  1283 | D:2      | Identified the +8 double sword of Imnaf Imn {elec, Str+3}
  1288 | D:2      | Found a faded altar of an unknown god.
  1324 | D:2      | Reached XP level 3. HP: 10/17 MP: 4/4
  1822 | D:2      | Reached skill level 4 in Unarmed Combat
  2483 | D:2      | Noticed Robin
  2508 | D:2      | Killed Robin
  2509 | D:2      | Reached XP level 4. HP: 8/22 MP: 5/5
  2513 | D:2      | HP: 1/33 [goblin/+0 dagger[Robin] (6)]
  2517 | D:2      | Reached ** piety under Trog
  3177 | D:2      | Found a runed translucent door.
  3178 | D:2      | Noticed Crazy Yiuf
  3411 | D:2      | Killed Crazy Yiuf
  3726 | D:3      | Found Osawiaps's Magic Scroll Shoppe.
  3732 | D:3      | Bought a scroll of teleportation for 39 gold pieces
  3732 | D:3      | Bought a scroll of identify for 26 gold pieces
  3852 | D:3      | Reached skill level 5 in Unarmed Combat
  4204 | D:3      | Reached XP level 5. HP: 25/25 MP: 6/6
  4336 | D:3      | Noticed Natasha
  4345 | D:3      | Killed Natasha
  4831 | D:3      | Noticed Natasha
  4843 | D:3      | Killed Natasha
  4844 | D:3      | Gained mutation: You are covered in thick fur. (AC +2)
                  | [Felid growth]
  4844 | D:3      | Reached XP level 6. HP: 26/29 MP: 7/7
  5231 | D:3      | Noticed Natasha
  5237 | D:3      | Killed Natasha
  5325 | D:4      | Found a broken altar of Ashenzari.
  5335 | D:4      | Reached skill level 6 in Unarmed Combat
  5490 | D:4      | Found a basalt altar of Yredelemnul.
  5503 | D:4      | Noticed Pikel
  5522 | D:4      | Killed Pikel
  5523 | D:4      | Reached skill level 5 in Fighting
  5523 | D:4      | Reached skill level 7 in Unarmed Combat
  5523 | D:4      | Reached XP level 7. HP: 24/34 MP: 8/8
  6174 | D:5      | Entered Level 5 of the Dungeon
  6187 | D:5      | Reached skill level 8 in Unarmed Combat
  6288 | D:5      | Reached XP level 8. HP: 27/38 MP: 9/9
  6607 | D:5      | Noticed Menkaure
  6618 | D:5      | Killed Menkaure
  6948 | D:5      | Found a shimmering blue altar of Sif Muna.
  6953 | D:5      | Reached skill level 9 in Unarmed Combat
  7353 | D:6      | Reached skill level 10 in Unarmed Combat
  7550 | D:6      | Reached XP level 9. HP: 41/43 MP: 10/10
  7727 | D:6      | Found a staircase to the Ecumenical Temple.
  7823 | D:6      | Noticed Grinder
  7831 | D:6      | Killed Grinder
  8086 | D:6      | Found a snail-covered altar of Cheibriados.
  8278 | D:6      | Reached skill level 11 in Unarmed Combat
  8356 | D:6      | You fall into a shaft and drop 2 floors!
  8384 | D:8      | Reached *** piety under Trog
  8524 | D:8      | Noticed a two-headed ogre
  8533 | D:8      | Killed a two-headed ogre
  8534 | D:8      | Reached skill level 12 in Unarmed Combat
  8805 | D:7      | HP: 3/67 [steam dragon] (3)]
  8805 | D:7      | Slain by a steam dragon
  8806 | D:7      | Reached XP level 8. HP: -5/42 MP: 9/9
  8819 | D:7      | Reached XP level 9. HP: 32/45 MP: 10/10
  9048 | D:7      | Identified the +1 ring mail "Zarch" {rCorr Dex+6}
 10353 | D:8      | Reached skill level 13 in Unarmed Combat
 10943 | D:8      | Reached XP level 10. HP: 50/50 MP: 11/11
 10966 | D:8      | Reached skill level 10 in Fighting
 11105 | D:8      | Identified the +11 scimitar of Hugehornet's Death {vorpal,
                  | rPois}
 11407 | D:9      | Found a stormy altar of Qazlal.
 11431 | D:9      | Found a staircase to the Lair.
 12025 | D:9      | Reached skill level 14 in Unarmed Combat
 12082 | D:9      | Found a runed translucent gate.
 12082 | D:9      | Found a runed translucent gate.
 12082 | D:9      | Found a runed translucent gate.
 12083 | D:9      | Noticed fakeacct's ghost (novice HuBe)
 12227 | D:9      | Killed fakeacct's ghost
 12313 | D:10     | Entered Level 10 of the Dungeon
 12313 | D:10     | Found a sparkling altar of Nemelex Xobeh.
 12334 | D:10     | Noticed Nergalle
 12346 | D:10     | HP: 2/67 [spectral orc knight/+3 vorpal dire
                  | flail[Nergalle] (7)]
 12348 | D:10     | Slain by Nergalle
 12349 | D:10     | Reached XP level 9. HP: 0/60 MP: 10/10
 12427 | D:10     | Noticed Josephine
 12442 | D:10     | HP: 1/66 [Josephine/+0 dagger (4)]
 12444 | D:10     | Killed Josephine
 12444 | D:10     | Slain by a centaur
 12445 | D:10     | Reached XP level 8. HP: -1/60 MP: 9/9
 12445 | D:10     | Reached skill level 5 in Dodging
 12445 | D:10     | Reached XP level 9. HP: 47/47 MP: 10/10
 12672 | D:10     | Killed Nergalle
 13056 | D:10     | Found the +8 trishula "Condemnation" {holy, anguish, *Noise
                  | Fly rN+}
 13082 | D:10     | Reached XP level 10. HP: 32/51 MP: 11/11
 13523 | D:10     | Found a hazy altar of Hepliaklqana.
 13632 | D:10     | Found a bloodstained altar of Trog.
 13636 | D:10     | Found a burning altar of Makhleb.
 13639 | D:10     | Found a sacrificial altar of Ru.
 13980 | D:11     | Noticed a two-headed ogre
 13986 | D:11     | Killed a two-headed ogre
 14151 | D:11     | Reached **** piety under Trog
 14429 | D:11     | Reached skill level 15 in Unarmed Combat
 14487 | D:11     | Found Bico's Armour Boutique.
 14489 | D:11     | Found a staircase to the Orcish Mines.
 14774 | D:12     | Noticed a white ugly thing
 14782 | D:12     | Killed a white ugly thing
 14830 | D:12     | Reached XP level 11. HP: 55/55 MP: 12/12
 14871 | D:12     | Noticed a deep elf pyromancer
 14883 | D:12     | Killed a deep elf pyromancer
 15169 | D:12     | Noticed a deep elf pyromancer
 15179 | D:12     | Killed a deep elf pyromancer
 15849 | D:12     | Found an iron altar of Okawaru.
 16474 | D:13     | Noticed diceflayer's ghost (journeyman DsHu)
 16479 | D:13     | Found a runed translucent door.
 16515 | D:13     | Found Cekod's General Store.
 16523 | D:13     | Bought a scroll of immolation for 60 gold pieces
 16523 | D:13     | Bought 2 potions of curing for 90 gold pieces
 17360 | D:13     | Killed diceflayer's ghost
 17361 | D:13     | Reached skill level 16 in Unarmed Combat
 17537 | Lair:1   | Entered Level 1 of the Lair of Beasts
 17558 | Lair:1   | You fall into a shaft and drop 1 floor!
 17637 | Lair:1   | Reached skill level 1 in Evocations
 17762 | Lair:1   | Noticed a five-headed hydra
 18108 | Lair:1   | Killed a five-headed hydra
 18118 | Lair:1   | Slain by a basilisk

Illustrated notes

Levels and vault maps discovered:
D:1:      amcnicky_arrival_double_pillar, layout_basic
D:2:      layout_loops_corners, ebering_ecumenical_altar_box, minivault_24,
          grunt_decor_clamped, uniq_robin, uniq_crazy_yiuf_cottage
D:3:      layout_loops_corners, serial_shops, nicolae_diamond_shop,
          minmay_circle_x, uniq_natasha
D:4:      layout_gridville, mainiacjoe_overflow_paths, ashenzari_altar_1,
          uniq_pikel
D:5:      layout_loops_ring, nicolae_sif_muna_little_library, hex_medium,
          kennysheep_generic_room_9, uniq_menkaure
D:6:      layout_loops_ring, slow_altar_1, minmay_temple_entry_drinking_statues,
          uniq_grinder
D:7:      layout_gridville, st_stairs_1, nicolae_grassy_gnolls
D:8:      layout_gridville, serial_park_tiny_2,
          hangedman_abyss_or_decor_stagger, minmay_puff
D:9:      layout_roguey, kennysheep_mini_moat, lair_entry_dummy,
          ebering_ghost_rock_garden, lightli_orcish_oven
D:10:     layout_basic, nicolae_hepliaklqana_monster_ancestors,
          nemelex_xobeh_ov_fountains_minmay, grunt_temple_overflow_diamond,
          minmay_misc_feat_room, uniq_nergalle, uniq_josephine
D:11:     layout_cave_pods, orc_david_3, minmay_misc_feat_encased
D:12:     layout_basic, okawaru_metal_pillars_1_2
D:13:     minmay_weird_star, layout_loops_ring, hellmonk_ghost_happy_afterlife,
          serial_shops, nicolae_square_shop
Lair:1:   layout_concentric_octagons, cheibrodos_lair_lostbears,
          lemuel_fruit_tree, infiniplex_staircase_pool
Lair:2:   layout_gridlike, minmay_swamp_entry_reptiles,
          guppyfry_snake_entry_garden, infiniplex_staircase_pool_2

Skill      XL: |  1  2  3  4  5  6  7  8  9 10 11 |
---------------+----------------------------------+-----
Unarmed Combat | 4 5 7 8 10 13 15 16 | 16.2
Fighting       | 4 5 6 7 9 11 | 11.9
Dodging        | 5 7 9 |  9.1
Evocations     | 2 |  2.1

Action                   |  1- 3 |  4- 6 |  7- 9 | 10-12 || total
-------------------------+-------+-------+-------+-------++-------
Melee: Unarmed           |   103 |   142 |   425 |   312 ||   982
       Bite              |     9 |    17 |    44 |    38 ||   108
       Punch             |       |     2 |    30 |    26 ||    58
Invok: Berserk           |     5 |     8 |    22 |    12 ||    47
       Trog's Hand       |       |       |     4 |     4 ||     8
       Brothers in Arms  |       |       |       |     1 ||     1
  Use: Scroll            |       |     3 |     1 |     8 ||    12
       Potion            |       |       |     3 |     1 ||     4
 Stab: Sleeping          |       |     2 |     3 |     1 ||     6
Armor: Skin              |     3 |    19 |    59 |    33 ||   114
Dodge: Dodged            |    84 |   119 |   381 |   227 ||   811
Block: Other             |       |       |       |     8 ||     8
